Map: [ESL] Oceanborn

Players

Dolan

  • Race: Terran Terran
  • Spawn Location: 5:00

Nina - Winner!

  • Race: Protoss Protoss
  • Spawn Location: 11:00

Event: ESL SC2 Masters 2023 Winter (Regional)

VOD

Have the link to the VOD?

Description

Time

  • Played on: Nov. 3, 2023, 2:14 p.m.
  • Length: 16:21

All games in this series

Show
View Real Time Build Order
Export as new Build Order

Dolan Terran 

Build Orders: Liberator Opening 

Get SALT Encoding   

  12  0:00  SCV  
  13  0:12  SCV  
  14  0:17  Supply Depot  
  14  0:24  SCV  
  15  0:38  SCV  
  15  0:40  Barracks  
  16  0:45  Supply Depot  
  16  0:50  SCV  
  17  1:03  SCV  
  18  1:04  Refinery  
  18  1:15  SCV  
  19  1:27  Orbital Command, Marine  
  20  1:41  Command Center  
  20  1:45  Marine  
  21  1:54  SCV  
  22  2:03  Marine  
  22  2:05  Factory  
  22  2:07  SCV  
  24  2:10  Refinery  
  24  2:19  SCV  
  25  2:23  Barracks Reactor  
  25  2:31  SCV  
  26  2:44  SCV  
  27  2:52  Starport  
  27  2:53  Orbital Command  
  27  2:56  SCV  
  28  3:03  Bunker, Hellion  
  28  3:04  Hellion  
  32  3:06  Reaper  
  32  3:11  SCV  
  34  3:18  Orbital Command  
  34  3:23  SCV  
  34  3:25  Hellion x2  
  39  3:34  Liberator  
  42  3:42  Supply Depot  
  42  3:47  Barracks Tech Lab, Hellion x2, Supply Depot  
  46  4:04  SCV x2  
  46  4:07  Supply Depot  
  48  4:14  Marine  
  48  4:15  Siege Tank, Marine  
  48  4:16  SCV x2  
  55  4:27  Barracks  
  55  4:28  Barracks, Liberator, SCV x2  
  60  4:38  Marine, Refinery  
  60  4:39  Marine  
  60  4:40  SCV  
  53  5:12  Marine x2  
  53  5:13  Siege Tank  
  53  5:14  SCV x2  
  54  5:16  Barracks Tech Lab  
  54  5:17  Barracks Tech Lab, Engineering Bay  
  54  5:19  Barracks  
  56  5:23  Barracks  
  56  5:27  SCV x2  
  56  5:33  Starport Reactor  
  56  5:34  Marine  
  56  5:35  Marine x3  
  58  5:36  Stimpack  
  58  5:39  SCV  
  58  5:40  SCV  
  62  5:44  Terran Infantry Weapons Level 1, Refinery  
  62  5:45  Siege Tank  
  64  5:52  SCV x2  
  64  5:54  Marauder x2, Marine x2  
  69  6:04  Combat Shield  
  69  6:05  SCV  
  69  6:09  Supply Depot  
  69  6:10  Supply Depot  
  69  6:11  SCV  
  71  6:12  Barracks Reactor, Barracks Tech Lab  
  71  6:13  Marine x2  
  71  6:15  Marine  
  74  6:28  Supply Depot  
  74  6:30  SCV x2  
  79  6:32  Siege Tank  
  79  6:33  Marine x2  
  79  6:37  Marauder x2  
  85  6:47  Marauder  
  85  6:49  Marine x2, Medivac x2  
  85  6:53  Marine x2  
  95  7:00  Supply Depot  
  95  7:03  Supply Depot  
  95  7:10  Marauder x3  
  101  7:17  Supply Depot  
  101  7:22  Medivac x2  
  105  7:25  Siege Tank  
  105  7:26  Supply Depot  
  105  7:27  Marine x3  
  105  7:28  Marine  
  105  7:29  Concussive Shells  
  110  7:41  Marauder x3  
  114  7:51  Marine x3  
  114  7:52  Marine  
  118  7:58  Viking  
  118  7:59  Viking  
  118  8:02  Marauder  
  118  8:03  Marauder x2  
  128  8:15  Marine x4  
  132  8:24  Marauder  
  132  8:26  Marauder  
  133  8:31  Siege Tank, Marauder  
  104  8:42  Marine x2  
  104  8:45  Marauder  
  104  8:48  Marauder  
  103  8:52  Marauder  
  93  9:00  Marine  
  87  9:03  Siege Tank  
  87  9:04  Liberator x2  
  87  9:07  Marauder  
  87  9:09  Marauder  
  100  9:11  Marine x2  
  100  9:12  Marine  
  100  9:13  Command Center  
  100  9:14  Marauder  
  105  9:23  Terran Infantry Armor Level 1, SCV x2  
  107  9:30  Marauder x2  
  107  9:31  Marine  
  112  9:33  Marine  
  112  9:36  Siege Tank  
  116  9:52  Marauder, Marine x2  
  113  9:53  Marauder x2  
  113  9:58  Marine  
  113  9:59  Liberator  
  116  10:05  Marine  
  97  10:08  Siege Tank  
  100  10:14  Marauder  
  100  10:17  Marauder x2, Marine x2  
  106  10:28  Orbital Command, SCV  
  104  10:29  SCV  
  104  10:33  Medivac  
  106  10:42  Medivac  
  108  10:49  Marine  
  98  10:50  Marauder  
  98  10:53  Marine x3  
  98  10:54  Marauder  
  99  11:03  Marauder  
  101  11:05  Medivac  
  101  11:07  Marine  
  101  11:08  SCV  
  101  11:09  Orbital Command  
  105  11:12  Medivac  
  106  11:22  Refinery  
  94  11:27  Marauder x2  
  94  11:28  Marine  
  94  11:29  Refinery  
  90  11:35  SCV x2  
  91  11:51  Ghost Academy  
  91  11:52  Siege Tank  
  91  11:54  Viking x2  
  98  12:02  Marine x4  
  98  12:03  Marauder  
  98  12:04  Marauder  
  98  12:07  Marauder  
  108  12:17  Bunker  
  108  12:19  Supply Depot  
  108  12:21  Supply Depot  
  108  12:24  Ghost  
  108  12:25  Ghost  
  108  12:27  Ghost  
  108  12:29  Marine x4  
  118  12:32  Siege Tank  
  121  12:45  Viking x2  
  121  12:48  Supply Depot  
  121  12:51  Marine x4  
  129  13:03  Ghost x3  
  135  13:14  Siege Tank  
  135  13:15  Liberator x2  
  144  13:30  Missile Turret  
  144  13:32  Marine x3  
  144  13:33  Marine  
  148  13:35  Missile Turret  
  148  13:46  Siege Tank  
  149  13:55  Marauder x2, Marine  
  140  13:58  Liberator x2  
  126  14:15  Ghost  
  126  14:16  Marauder, Marine x2  
  132  14:18  Marine x2  
  132  14:19  Marauder  
  135  14:40  Ghost, Sensor Tower  
  135  14:41  Marauder, Marine  
  137  14:47  Siege Tank, Liberator x2  
  137  14:49  Marine  
  147  14:57  SCV x2  
  142  15:09  SCV x2  
  135  15:16  Ghost  
  138  15:21  SCV  
  138  15:33  Ghost  
  138  15:34  Marauder, Marine  
Show
View Real Time Build Order
Export as new Build Order

Nina Protoss - Winner!

Build Orders: 1 Gate Expand, Colossus Rush 

Get SALT Encoding   

  12  0:00  Probe  
  13  0:12  Probe  
  14  0:17  Pylon  
  14  0:24  Probe  
  15  0:36  Gateway, Probe (Chrono Boost)  
  16  0:46  Assimilator  
  16  0:47  Probe (Chrono Boost)  
  17  0:51  Probe (Chrono Boost)  
  18  1:03  Probe  
  19  1:15  Probe  
  20  1:26  Cybernetics Core  
  20  1:34  Nexus  
  20  1:39  Pylon  
  20  1:42  Probe  
  21  1:48  Assimilator  
  21  1:54  Probe  
  21  1:59  Stalker (Chrono Boost)  
  22  2:06  Probe, Warp Gate  
  25  2:13  Shield Battery  
  25  2:18  Probe  
  25  2:22  Adept (Chrono Boost)  
  28  2:31  Probe  
  29  2:40  Robotics Facility  
  29  2:43  Probe  
  30  2:46  Probe  
  31  2:52  Stalker  
  31  2:55  Probe  
  34  2:58  Probe  
  35  3:07  Probe  
  35  3:09  Gateway  
  35  3:11  Probe  
  37  3:18  Gateway  
  37  3:19  Probe  
  39  3:27  Probe  
  39  3:33  Immortal (Chrono Boost)  
  39  3:37  Probe  
  43  3:41  Probe  
  43  3:44  Gateway  
  43  3:49  Probe, Pylon  
  43  3:53  Probe (Chrono Boost)  
  45  3:58  Pylon  
  46  4:07  Probe (Chrono Boost), Stalker  
  46  4:09  Probe (Chrono Boost)  
  49  4:10  Stalker  
  49  4:14  Assimilator  
  49  4:15  Assimilator  
  49  4:16  Robotics Bay  
  51  4:19  Probe  
  51  4:20  Sentry  
  51  4:21  Probe  
  55  4:28  Observer (Chrono Boost)  
  56  4:31  Probe  
  56  4:33  Probe  
  56  4:34  Pylon  
  58  4:43  Stalker, Probe  
  61  4:45  Probe  
  59  4:55  Probe  
  59  5:01  Stalker  
  59  5:02  Stalker  
  59  5:05  Probe  
  60  5:10  Colossus, Probe  
  67  5:17  Probe (Chrono Boost)  
  67  5:20  Pylon  
  68  5:22  Probe (Chrono Boost)  
  68  5:28  Pylon  
  69  5:29  Probe (Chrono Boost)  
  69  5:30  Extended Thermal Lance  
  70  5:36  Pylon  
  70  5:38  Probe x2 (Chrono Boost)  
  70  5:41  Observer  
  72  5:44  Twilight Council, Probe x2  
  72  5:59  Nexus  
  72  6:05  Colossus (Chrono Boost)  
  78  6:12  Sentry  
  78  6:13  Probe  
  78  6:14  Probe  
  78  6:16  Sentry  
  84  6:21  Forge  
  84  6:24  Pylon  
  84  6:25  Probe  
  84  6:30  Probe  
  84  6:35  Blink (Chrono Boost)  
  84  6:38  Probe  
  85  6:43  Probe  
  86  6:49  Shield Battery  
  86  6:50  Probe  
  86  6:51  Gateway  
  87  6:54  Colossus (Chrono Boost)  
  87  6:55  Probe  
  94  7:04  Protoss Ground Weapons Level 1  
  94  7:06  Gateway  
  94  7:08  Probe x2  
  95  7:11  Probe  
  96  7:17  Gateway  
  96  7:20  Probe x2  
  98  7:23  Gateway  
  98  7:24  Probe  
  99  7:32  Zealot, Probe  
  99  7:33  Zealot, Probe  
  99  7:34  Pylon  
  99  7:36  Probe  
  106  7:39  Colossus (Chrono Boost)  
  112  7:47  Probe  
  111  7:52  Zealot x2  
  111  7:53  Pylon  
  111  7:54  Probe  
  111  7:55  Zealot, Probe  
  119  7:59  Probe  
  119  8:00  Stalker x2  
  124  8:07  Probe  
  124  8:11  Probe  
  126  8:15  Stalker x2  
  126  8:16  Pylon, Stalker  
  132  8:22  Pylon, Charge (Chrono Boost)  
  132  8:24  Pylon  
  132  8:25  Assimilator  
  132  8:34  Disruptor  
  130  8:35  Zealot x4  
  130  8:40  Zealot x3  
  84  8:56  Stalker x3  
  84  8:58  Stalker  
  82  9:05  Stalker  
  82  9:06  Stalker x2  
  88  9:12  Disruptor, Templar Archives  
  92  9:22  Zealot x5  
  102  9:26  Shield Battery  
  102  9:30  Photon Cannon, Assimilator  
  102  9:37  Stalker x2  
  106  9:41  Nexus  
  106  9:49  Zealot  
  106  9:51  Zealot x3  
  110  9:54  Zealot  
  98  10:05  Zealot x2  
  86  10:08  Colossus  
  86  10:13  Stalker x2  
  86  10:14  Stalker  
  98  10:16  Zealot  
  98  10:19  Zealot  
  102  10:26  Zealot x2  
  106  10:34  High Templar, Shield Battery  
  106  10:35  High Templar  
  110  10:36  High Templar  
  110  10:37  High Templar  
  110  10:38  Archon  
  110  10:39  Zealot  
  110  10:41  Archon  
  116  10:49  Stalker x2  
  100  10:58  Zealot  
  100  11:02  Zealot x3  
  104  11:08  Colossus (Chrono Boost)  
  110  11:13  Zealot x3, Gateway  
  114  11:23  Zealot x4  
  114  11:24  Probe  
  115  11:31  Probe (Chrono Boost)  
  114  11:34  Robotics Facility  
  114  11:38  Probe x2 (Chrono Boost), Protoss Ground Armor Level 1 (Chrono Boost), Pylon  
  111  11:40  Probe (Chrono Boost)  
  111  11:44  High Templar x2  
  111  11:45  Zealot x2  
  111  11:46  Sentry  
  121  11:49  Archon, Probe (Chrono Boost)  
  121  11:52  Probe (Chrono Boost)  
  121  11:53  Pylon  
  123  11:58  Zealot x2, Pylon  
  123  11:59  Colossus (Chrono Boost)  
  123  12:01  Gateway  
  133  12:06  Shield Battery  
  133  12:08  Forge  
  133  12:09  High Templar  
  133  12:10  High Templar  
  133  12:13  Archon, Shield Battery  
  137  12:16  Assimilator  
  137  12:17  Zealot x3  
  137  12:20  Disruptor (Chrono Boost)  
  147  12:26  Stalker x2  
  151  12:41  Protoss Ground Weapons Level 2 (Chrono Boost)  
  151  12:45  Zealot x3  
  151  12:46  Zealot  
  151  12:47  Nexus  
  151  12:49  High Templar, Pylon  
  151  12:50  High Templar  
  163  12:54  Archon  
  163  12:55  Probe x2  
  163  12:56  Assimilator  
  163  12:58  Disruptor (Chrono Boost)  
  165  13:04  Probe  
  171  13:06  Observer (Chrono Boost)  
  171  13:08  Photon Cannon x2  
  171  13:14  Zealot x4  
  171  13:18  Shield Battery  
  171  13:19  Photon Cannon  
  177  13:31  Zealot x4  
  177  13:34  Disruptor  
  185  13:35  Disruptor  
  185  13:36  Pylon  
  193  13:43  Zealot x2  
  193  13:44  Dark Shrine  
  188  13:54  Zealot  
  177  14:01  Stalker x5  
  177  14:02  Observer, Stalker  
  181  14:09  Disruptor  
  161  14:16  Colossus (Chrono Boost)  
  167  14:17  Observer  
  167  14:19  Zealot x2  
  167  14:23  Probe (Chrono Boost)  
  172  14:30  Stargate  
  170  14:32  Probe (Chrono Boost)  
  170  14:35  Probe x2 (Chrono Boost)  
  172  14:39  Probe (Chrono Boost)  
  168  14:46  Stalker  
  168  14:47  Stalker x4  
  168  14:52  Warp Prism (Chrono Boost)  
  180  15:04  Stargate  
  180  15:09  Stargate  
  180  15:12  Assimilator  
  180  15:13  Assimilator  
  166  15:22  Zealot x2, Fleet Beacon  
  166  15:23  Zealot x3  
  176  15:33  Disruptor  
  180  15:41  Nexus  
  176  15:46  Stalker x4  
  178  15:52  Photon Cannon  
  176  16:02  Pylon  
  176  16:05  Pylon  
Tags
 
Add a new tag
Caveats
  • Supply blocks, unpowered buildings, or Contaminate may cause inaccurate times.
  • Supply counts are checked every 10 seconds.